 Dungeon Crawl Stone Soup version 0.20-a0-277-g7db01f4 (webtiles) character file.

284472 Raws the Sniper (level 21, -18/162 HPs)
             Began as a Human Fighter on Dec 11, 2016.
             Was the Champion of Okawaru.
             Hit by a large rock thrown by a stone giant (51 damage)
             ... on level 2 of the Vaults.
             The game lasted 01:27:05 (45531 turns).

Raws the Sniper (Human Fighter)                    Turns: 45531, Time: 01:27:06

Health: -18/162    AC: 16    Str: 21    XL:     21   Next: 46%
Magic:  25/27      EV: 20    Int: 12    God:    Okawaru [******]
Gold:   1195       SH:  5    Dex: 20    Spells: 17/20 levels left

rFire  + + .     SeeInvis +     C - +9 heavy crossbow "Sniper" {velocity, nevermiss, SInv}
rCold  + . .     Gourm    .     G - +1 leather armour "Sutum" {rF+ Int-5 Dex+6 Slay+5} (curse)
rNeg   . . .     Faith    .     (shield currently unavailable)
rPois  +         Spirit   .     (helmet unavailable)
rElec  .         Reflect  +     w - +2 cloak {rC+}
rCorr  +         Harm     .     U - +1 pair of gloves
MR     ++...                    s - +3 pair of boots "Veplaan" {rCorr Slay+2}
Stlth  ++........               H - +5 amulet of reflection
                                h - ring of protection from magic
                                p - ring "Raniluck" {Int+6 Slay+4}

@: finesse, very slightly contaminated, hasted, very quick
A: antennae 3, hooves 1, iridescent scales 1, clumsy 1, deformed body, fire
resistance 1, poison resistance, regeneration 1, subdued magic 1
}: 2/15 runes: decaying, serpentine
a: Heroism, Finesse, Renounce Religion


You were on level 2 of the Vaults.
You worshipped Okawaru.
Okawaru was exalted by your worship.
You were not hungry.

You visited 6 branches of the dungeon, and saw 33 of its levels.
You also visited: Ice Cave and Volcano.

You collected 3224 gold pieces.
You spent 2029 gold pieces at shops.

Inventory:

Hand Weapons
 C - the +9 heavy crossbow "Sniper" (weapon) {velocity, nevermiss, SInv}
   (You bought it in a shop on level 11 of the Dungeon)

   Any bolt fired from it inflicts extra damage.
   It lets you see invisible.
 M - a +3 vampiric demon blade
 R - a +6 triple crossbow of velocity
 Y - the +5 arbalest of Okawaru's Castigation {elec, Int+7}
   (Okawaru gifted it to you on level 4 of the Lair of Beasts)

   It charges the ammunition it shoots with electricity; occasionally upon a
   hit, such missiles may discharge and cause terrible harm.
   It affects your intelligence (+7).
Missiles
 E - 654 bolts (quivered)
Armour
 c - the +0 mask of the Dragon {MR+ Slay+3 SInv}
   (You found it in an ice cave)

   It affects your accuracy and damage with ranged weapons and melee attacks
   (+3).
   It affects your resistance to hostile enchantments.
   It lets you see invisible.
 q - the +2 helmet "Ilukk" {rF+ MR++}
   (You found it on level 6 of the Dungeon)

   It protects you from fire.
   It affects your resistance to hostile enchantments.
 s - the +3 pair of boots "Veplaan" (worn) {rCorr Slay+2}
   (Okawaru gifted it to you on level 2 of the Lair of Beasts)

   It affects your accuracy and damage with ranged weapons and melee attacks
   (+2).
   It protects you from acid and corrosion.
 w - a +2 cloak of cold resistance (worn)
 G - the cursed +1 leather armour "Sutum" (worn) {rF+ Int-5 Dex+6 Slay+5}
   (You bought it in a shop on level 2 of the Orcish Mines)

   It affects your intelligence (-5).
   It affects your dexterity (+6).
   It affects your accuracy and damage with ranged weapons and melee attacks
   (+5).
   It protects you from fire.
   It has a curse placed upon it.
 U - a +1 pair of gloves (worn)
 V - +1 fire dragon scales
Jewellery
 d - an uncursed ring of positive energy
 h - a ring of protection from magic (right hand)
 k - an uncursed amulet of regeneration
 p - the ring "Raniluck" (left hand) {Int+6 Slay+4}
   (You acquired it on level 1 of the Swamp)

   [ring of slaying]

   It affects your intelligence (+6).
   It affects your accuracy and damage with ranged weapons and melee attacks
   (+4).
 H - a +5 amulet of reflection (around neck)
 O - an uncursed amulet of harm
Wands
 e - a wand of teleportation (4/9)
 j - a wand of digging (5/24)
 m - a wand of hasting (2/9)
 r - a wand of iceblast (9/15)
 z - a wand of heal wounds (2/9)
 L - a wand of digging (5/24)
 Q - a wand of teleportation (3/9)
 W - a wand of iceblast (7/15)
Scrolls
 l - 2 scrolls of teleportation
 n - 2 scrolls of amnesia
 o - 8 scrolls of identify
 t - 6 scrolls of immolation
 y - 6 scrolls of fog
 B - 3 scrolls of recharging
 I - 2 scrolls of blinking
 J - 5 scrolls of fear
 S - a scroll of enchant armour
 X - 13 scrolls of remove curse
 Z - 2 scrolls of magic mapping
Potions
 a - 7 potions of curing
 g - 3 potions of berserk rage
 u - 6 potions of flight
 v - a potion of heal wounds
 x - a potion of resistance
 A - 3 potions of magic
 D - 3 potions of might
 F - a potion of invisibility
 K - 2 potions of cancellation
 T - 6 potions of brilliance
Books
 b - a book of Battle

   Spells                             Type                      Level
   a - Infusion                       Charms                       1
   b - Shroud of Golubria             Charms/Translocation         2
   c - Song of Slaying                Charms                       2
   d - Spectral Weapon                Hexes/Charms                 3
   e - Regeneration                   Charms/Necromancy            3
Comestibles
 f - 9 bread rations
 i - a meat ration
 N - 6 royal jellies
 P - 23 fruits


   Skills:
 + Level 13.1 Fighting
 - Level 2.1 Long Blades
   Level 11.9 Maces & Flails
   Level 1.0 Polearms
 * Level 24.4 Crossbows
 + Level 9.3 Armour
 + Level 10.5 Dodging
   Level 8.7 Shields
 * Level 2.2 Charms
 - Level 9.3 Invocations


You had 17 spell levels left.
You knew the following spells:

 Your Spells              Type           Power        Failure   Level  Hunger
a - Infusion              Chrm           #...         14%         1    ##.....
b - Song of Slaying       Chrm           #.......     21%         2    ###....


Dungeon Overview and Level Annotations

Branches:
Dungeon (15/15)            Temple (0/1) D:6            Lair (6/6) D:9
  Swamp (4/4) Lair:2        Snake (4/4) Lair:3        Slime (0/5) Lair:5
    Orc (2/2) D:11            Elf (0/3) Orc:2        Vaults (2/5) D:13
 Depths (0/5) D:15
  Crypt: Vaults:2-3

Altars:
Ashenzari
Dithmenos
Fedhas
Gozag
Hepliaklqana
Nemelex Xobeh
Okawaru
Qazlal
Yredelemnul
Zin
The Shining One
Beogh

Shops:
D:9 ?   D:11 *   D:13 [   D:15 %   Orc:2 [[(:   Vaults:1 !

Portals:
Trove: D:13 (give +3 storm dragon scales)

Annotations:
Vaults:1 1 exclusion


Innate Abilities, Weirdness & Mutations

You have a pair of large antennae on your head. (SInv)
You have large cloven feet.
You are partially covered in iridescent scales. (AC +2)
You are clumsy. (Dex -2)
Armour fits poorly on your strangely shaped body.
Your flesh is heat resistant. (rF+)
Your system is resistant to poisons. (rPois)
Your natural rate of healing is unusually fast.
Your spells are a little easier to cast, but a little less powerful.


Message History

You destroy the skeletal warrior!
Okawaru accepts your kill.
The skeletal warrior hits you from afar with a halberd!!
* * * LOW HITPOINT WARNING * * *
The skeletal warrior hits you with a mace!!
* * * LOW HITPOINT WARNING * * *
Unknown command.
Okay, then.
Evoke which item? (* to show all) (? for menu, Esc to quit)
Okay, then.
Evoke which item? (* to show all) (? for menu, Esc to quit)
Zapping:
L - a wand of digging (?/24) (will waste charges)
Press: ? - help, Shift-Dir - straight line, f - you
Okay, then.
Evoke which item? (* to show all) (? for menu, Esc to quit)
Zapping:
z - a wand of heal wounds (3/9)
Press: ? - help, Shift-Dir - straight line, f - you You feel much better.
This wand has 2 charges left.
The stone giant throws a large rock.
The large rock hits you!!!
You die...

......'.# #..........## .....)#.#
... #..........# ......#.# ..
#..........#
......#.#####'#######..........#
......#)).................)[...#
......#)..C.............{......#
#######.............###'####...#
......).............#......#...#
.......)........@...#......#...#
...)..).######'##...#......#...#
........# .. #...#...)..#...#
........# ... #z..#...<..#...##
........#... #...#......#...#.
........#.. #..z#......#...#.
).......#. #..z########...#)
).......# #..............+.
.(......#########..............#.


You could see a stone giant and 3 skeletal warriors.

Vanquished Creatures
  Jorgrun (Swamp:4)
  Rupert (Lair:4)
  A sphinx (Vaults:2)
  Gastronok (Lair:1)
  2 thorn hunters
  Kirke (Swamp:1)
  Roxanne (Swamp:1)
  8 nagarajas
  A frost giant (IceCv)
  An orc warlord (Orc:2)
  5 vault wardens
  Louise (Swamp:1)
  5 ironheart preservers
  2 stone giants (Vaults:2)
  Nessos (Lair:5)
  Josephine (D:11)
  2 fire dragons
  7 yaktaur captains
  An ice dragon (Vaults:2)
  9 vault guards
  A great orb of eyes (Vaults:2)
  Fannar (Lair:1)
  15 naga warriors
  Erica (D:10)
  A ghost crab (Swamp:2)
  23 hydras
  19 anacondas
  6 ogre magi
  A catoblepas (D:14)
  3 death knights
  2 centaur warriors
  A tengu warrior (D:15)
  A deep troll shaman (Vaults:1)
  3 death yaks
  8 shock serpents
  9 alligators
  5 orc high priests
  2 deep troll earth magi (Vaults:1)
  13 naga sharpshooters
  A spriggan berserker (Swamp:4)
  Urug (D:10)
  9 salamander mystics
  Sonja (D:11)
  8 skeletal warriors
  A hell knight (Volcano)
  2 unseen horrors (D:12)
  5 deep trolls (Vaults:1)
  A glowing orange brain (Vaults:1)
  2 spriggan druids (Swamp:3)
  6 hill giants
  8 naga ritualists
  2 shambling mangroves
  3 deep elf archers
  7 swamp dragons
  The ghost of heinrich the Gouger, a novice FeBe of Trog (IceCv)
  An ironbrand convoker (Vaults:1)
  5 lindwurms
  3 wolf spiders
  12 orc knights
  4 deep elf magi
  14 mana vipers
  A phantasmal warrior (D:10)
  5 ugly things
  7 orc sorcerers
  2 manticores
  An oklob plant (Snake:1)
  14 salamanders
  5 cyclopes
  4 elephants (Lair:3)
  9 guardian serpents
  51 black mambas
  3 vault sentinels
  2 ice statues (IceCv)
  3 gargoyles
  5 molten gargoyles
  25 naga magi
  2 torpor snails (Lair:6)
  12 spiny frogs
  7 yaktaurs
  3 rime drakes
  A kobold demonologist (D:15)
  8 komodo dragons
  A redback zombie (D:15)
  5 freezing wraiths
  2 tengu conjurers (D:15)
  A queen bee (D:10)
  3 meliai (D:13)
  13 trolls
  22 hornets
  A two-headed ogre (shapeshifter) (Vaults:2)
  16 polar bears
  11 two-headed ogres
  8 bog bodies
  8 tyrant leeches
  39 slime creatures
  10 hippogriffs
  9 blink frogs
  A blink frog (shapeshifter) (Vaults:1)
  14 spriggans
  A yak (shapeshifter) (Vaults:1)
  47 yaks
  8 wraiths
  2 shadows
  A hog (Swamp:1)
  2 fire bats (Volcano)
  2 steam dragons (Lair:6)
  8 wyverns
  2 hungry ghosts
  Grum (D:8)
  7 basilisks
  17 vampire mosquitoes
  The ghost of Raws the Shooter, an amateur HEHu of Yredelemnul (D:3)
  9 insubstantial wisps
  44 nagas
  4 acid dragons
  8 wargs
  24 swamp worms
  5 hell hounds (Lair:6)
  9 water moccasins
  A hornet zombie (D:15)
  6 porcupines
  16 swamp drakes
  3 black bears
  55 orc warriors
  2 eyes of draining (D:13)
  2 ice beasts
  5 sky beasts
  3 necrophages
  4 phantoms
  An ice beast (shapeshifter) (D:13)
  43 ogres
  5 boggarts
  33 wolves
  28 crocodiles
  13 centaurs
  Blork the orc (D:4)
  20 bullfrogs
  A gnoll sergeant (D:6)
  10 scorpions
  24 killer bees
  31 wights
  3 howler monkeys
  4 electric eels
  8 crimson imps
  5 bullfrog zombies
  11 lava snakes
  A centaur zombie (D:12)
  A quasit (D:8)
  2 hounds
  8 jellies
  32 orc priests
  Crazy Yiuf (D:2)
  25 orc wizards
  4 centaur skeletons
  10 iguanas
  Jessica (D:3)
  8 bullfrog skeletons
  6 worker ants
  A killer bee zombie (D:8)
  A hound skeleton (D:10)
  2 worker ant zombies
  Robin (D:4)
  A howler monkey skeleton (D:11)
  7 river rats (D:5)
  8 adders
  14 gnolls
  3 shadow imps
  2 oozes (Lair:5)
  An adder zombie (D:5)
  7 worms
  A dart slug (D:1)
  9 leopard geckos
  126 orcs
  4 giant cockroaches
  16 goblins
  10 hobgoblins
  10 jackals
  9 kobolds
  12 quokkas
  5 bats
  19 frilled lizards
  A goblin skeleton (D:8)
  A goblin zombie (D:8)
  4 hobgoblin zombies (D:8)
  A kobold skeleton (D:8)
  2 kobold zombies (D:8)
  An orc skeleton (D:8)
  An orc zombie (D:8)
  A quokka zombie (D:9)
  19 rats
  2 fungi (D:2)
1539 creatures vanquished.

Vanquished Creatures (others)
  A fire dragon (D:15)
  A naga sharpshooter (Snake:4)
  A spriggan berserker (Swamp:4)
  2 yaktaurs (Vaults:1)
  6 humans (Swamp:1)
  2 swamp drakes (Swamp:4)
  An orc warrior (Vaults:1)
  4 centaurs
  An orc wizard (D:5)
  2 orcs
  4 fungi
  5 plants
30 creatures vanquished.

Grand Total: 1569 creatures vanquished

Notes
Turn   | Place    | Note
-------+----------+-------------------------------------------
     0 | D:1      | Raws the Human Fighter began the quest for the Orb.
     0 | D:1      | Reached XP level 1. HP: 18/18 MP: 1/1
   129 | D:1      | Reached XP level 2. HP: 24/24 MP: 2/2
   436 | D:1      | Reached XP level 3. HP: 29/29 MP: 3/3
   840 | D:2      | Found a hazy altar of Hepliaklqana.
   859 | D:2      | Found an iron altar of Okawaru.
   871 | D:2      | Reached skill level 1 in Maces & Flails
   885 | D:2      | Became a worshipper of Warmaster Okawaru
  1001 | D:2      | Reached XP level 4. HP: 33/35 MP: 4/4
  1504 | D:2      | Found a runed door.
  1509 | D:2      | Noticed Crazy Yiuf
  1512 | D:2      | Killed Crazy Yiuf
  1609 | D:3      | Reached XP level 5. HP: 41/41 MP: 5/5
  1650 | D:3      | Noticed Raws's ghost (amateur HEHu)
  2213 | D:3      | Killed Raws's ghost
  2213 | D:3      | Reached skill level 1 in Dodging
  2213 | D:3      | Reached XP level 6. HP: 22/47 MP: 2/6
  2360 | D:3      | Noticed Jessica
  2364 | D:3      | Killed Jessica
  2539 | D:3      | Found a faded altar of an unknown god.
  2836 | D:4      | Reached * piety under Okawaru
  2975 | D:4      | Noticed an ogre
  2985 | D:4      | Killed an ogre
  2985 | D:4      | Reached XP level 7. HP: 37/53 MP: 7/7
  3177 | D:4      | Reached skill level 5 in Maces & Flails
  3274 | D:4      | Noticed Blork the orc
  3285 | D:4      | Killed Blork the orc
  3303 | D:4      | Noticed Robin
  3327 | D:4      | Killed Robin
  3830 | D:5      | Entered Level 5 of the Dungeon
  3848 | D:5      | Found a glowing silver altar of Zin.
  3860 | D:5      | Reached XP level 8. HP: 60/60 MP: 8/8
  3867 | D:5      | Noticed a hill giant
  3934 | D:5      | Reached ** piety under Okawaru
  4080 | D:5      | Reached skill level 5 in Shields
  4143 | D:5      | Found a blossoming altar of Fedhas.
  4479 | D:5      | Gained mutation: Armour fits poorly on your strangely shaped body. [mutagenic meat]
  4480 | D:5      | Gained mutation: You are clumsy. (Dex -2) [mutagenic meat]
  4481 | D:5      | Gained mutation: You are partially covered in slimy green scales. (AC +2) [mutagenic meat]
  4482 | D:5      | Gained mutation: Your magical capacity is low. (-10% MP) [mutagenic meat]
  4483 | D:5      | Gained mutation: You have large cloven feet. [mutagenic meat]
  4575 | D:6      | Reached *** piety under Okawaru
  4575 | D:6      | Reached XP level 9. HP: 42/66 MP: 8/8
  4923 | D:6      | Found a shattered altar of Ashenzari.
  4938 | D:6      | Found a staircase to the Ecumenical Temple.
  4971 | D:6      | Reached skill level 1 in Invocations
  5081 | D:6      | Got a translucent helmet
  5581 | D:7      | Reached **** piety under Okawaru
  5689 | D:7      | Killed a hill giant
  5689 | D:7      | Reached XP level 10. HP: 67/73 MP: 9/11
  5989 | D:8      | Found a glowing golden altar of the Shining One.
  6074 | D:8      | Found a shadowy altar of Dithmenos.
  6134 | D:8      | Reached skill level 5 in Fighting
  6134 | D:8      | Reached skill level 5 in Armour
  6178 | D:8      | Reached skill level 10 in Maces & Flails
  6487 | D:8      | Noticed Grum
  6528 | D:8      | Reached ***** piety under Okawaru
  6548 | D:8      | Killed Grum
  7290 | D:9      | Found a stormy altar of Qazlal.
  7426 | D:9      | Noticed a deep elf mage
  7435 | D:9      | Found a sparkling altar of Nemelex Xobeh.
  7457 | D:9      | Killed a deep elf mage
  7457 | D:9      | Reached skill level 5 in Invocations
  7457 | D:9      | Reached XP level 11. HP: 70/80 MP: 13/13
  7459 | D:9      | Found an opulent altar of Gozag.
  7803 | D:9      | Received a gift from Okawaru
  8076 | D:9      | Found a staircase to the Lair.
  8213 | D:9      | Noticed a hill giant
  8226 | D:9      | Killed a hill giant
  8235 | D:9      | Gained mutation: You have a pair of small antennae on your head. [mutagenic meat]
  8236 | D:9      | Gained mutation: You are resistant to hostile enchantments. (MR+) [mutagenic meat]
  8237 | D:9      | Gained mutation: You have a pair of antennae on your head. [mutagenic meat]
  8238 | D:9      | Lost mutation: You are partially covered in slimy green scales. (AC +2) [mutagenic meat]
  8240 | D:9      | Lost mutation: You are clumsy. (Dex -2) [mutagenic meat]
  8286 | D:9      | Got a fine ring mail
  8297 | D:9      | Identified the +2 ring mail of a labyrinth {rPois MR+ rCorr} (You found it on level 9 of the Dungeon)
  8324 | D:9      | Found Liohaz's Magic Scroll Emporium.
  8332 | D:9      | Bought a scroll of identify for 28 gold pieces
  8332 | D:9      | Bought a scroll of identify for 28 gold pieces
  8349 | D:9      | Found a basalt altar of Yredelemnul.
  8617 | D:9      | Identified the +2 helmet "Ilukk" {rF+ MR++} (You found it on level 6 of the Dungeon)
  8745 | D:10     | Entered Level 10 of the Dungeon
  8852 | D:10     | Noticed Urug
  8873 | D:10     | Killed Urug
  9033 | D:10     | Noticed a death knight
  9033 | D:10     | Noticed a phantasmal warrior
  9035 | D:10     | Noticed a skeletal warrior
  9884 | D:11     | Found Emano's General Store.
  9935 | D:11     | Found a staircase to the Orcish Mines.
 10174 | D:11     | Noticed Sonja
 10190 | D:11     | Killed Sonja
 10306 | D:11     | Gained mutation: Your spells are a little easier to cast, but a little less powerful. [mutagenic meat]
 10309 | D:11     | Lost mutation: Your magical capacity is low. (-10% MP) [mutagenic meat]
 10562 | Orc:1    | Entered Level 1 of the Orcish Mines
 10566 | Orc:1    | Noticed Josephine
 10568 | Orc:1    | Noticed a cyclops
 10667 | D:11     | Reached skill level 1 in Crossbows
 10901 | D:11     | Killed Josephine
 10901 | D:11     | Reached XP level 12. HP: 89/89 MP: 13/16
 10908 | D:11     | Reached skill level 2 in Crossbows
 11412 | Lair:1   | Entered Level 1 of the Lair of Beasts
 11591 | Lair:1   | Reached skill level 5 in Dodging
 11616 | Lair:1   | Noticed Fannar
 11624 | Lair:1   | Gained mutation: Your magical capacity is low. (-10% MP) [potion of mutation]
 11624 | Lair:1   | Gained mutation: You evolve. [potion of mutation]
 11624 | Lair:1   | Gained mutation: You are clumsy. (Dex -2) [potion of mutation]
 11660 | Lair:1   | Killed Fannar
 11660 | Lair:1   | Received a gift from Okawaru
 11660 | Lair:1   | Reached skill level 3 in Crossbows
 11704 | Lair:1   | Noticed Gastronok
 11726 | Lair:1   | Killed Gastronok
 11726 | Lair:1   | Received a gift from Okawaru
 11901 | Lair:1   | Gained mutation: Your system is resistant to poisons. (rPois) [evolution]
 12450 | Lair:2   | Found a staircase to the Swamp.
 12697 | Lair:1   | Reached skill level 4 in Crossbows
 12875 | Lair:2   | Received a gift from Okawaru
 12887 | Lair:2   | Got a pair of smoking boots {god gift}
 12898 | Lair:2   | Identified the +3 pair of boots "Veplaan" {rCorr Slay+2} (Okawaru gifted it to you on level 2 of the Lair of Beasts)
 13765 | Lair:2   | Found a stormy altar of Qazlal.
 13869 | Lair:2   | Reached XP level 13. HP: 96/98 MP: 17/17
 14487 | Lair:3   | Found a staircase to the Snake Pit.
 14544 | Lair:3   | Found a frozen archway.
 14564 | IceCv    | Entered an ice cave
 14578 | IceCv    | Reached skill level 5 in Crossbows
 15581 | IceCv    | Noticed a frost giant
 15623 | IceCv    | Killed a frost giant
 15629 | IceCv    | Received a gift from Okawaru
 15916 | IceCv    | Noticed heinrich's ghost (novice FeBe)
 15934 | IceCv    | Killed heinrich's ghost
 16362 | Lair:3   | Reached skill level 6 in Crossbows
 16562 | Lair:3   | Reached ****** piety under Okawaru
 16627 | Lair:3   | Received a gift from Okawaru
 17407 | Lair:4   | Noticed Rupert
 17419 | Lair:4   | Killed Rupert
 17419 | Lair:4   | Received a gift from Okawaru
 17419 | Lair:4   | Reached XP level 14. HP: 108/108 MP: 15/18
 17441 | Lair:4   | Got an ichor-stained arbalest {god gift}
 17630 | Lair:4   | Reached skill level 7 in Crossbows
 18148 | Lair:4   | Reached skill level 8 in Crossbows
 18591 | D:11     | Gained mutation: You are partially covered in rugged brown scales. (AC +1, +3% HP) [evolution]
 18797 | Orc:1    | Received a gift from Okawaru
 18803 | Orc:1    | Reached skill level 9 in Crossbows
 18996 | Orc:1    | Got a polished arbalest {god gift}
 19009 | Orc:2    | Entered Level 2 of the Orcish Mines
 19637 | Orc:2    | Found a staircase to the Elven Halls.
 19716 | Orc:2    | Reached skill level 10 in Crossbows
 19870 | Orc:2    | Noticed an orc warlord
 19908 | Orc:2    | Killed an orc warlord
 20336 | Orc:2    | Received a gift from Okawaru
 20336 | Orc:2    | Reached skill level 11 in Crossbows
 20354 | Orc:2    | Found Daidghips's Antique Armour Shoppe.
 20381 | Orc:2    | Found a roughly hewn altar of Beogh.
 20467 | Orc:2    | Found Ucuaneast's Armour Boutique.
 20820 | Orc:2    | Found a roughly hewn altar of Beogh.
 20865 | Orc:2    | Reached skill level 1 in Polearms
 20883 | Orc:2    | Gained mutation: Your natural rate of healing is unusually fast. [evolution]
 21049 | Orc:2    | Found Iziamoboqa's Book Emporium.
 21077 | Orc:2    | Found Foasha's Weapon Shoppe.
 21089 | Orc:2    | Reached skill level 12 in Crossbows
 21089 | Orc:2    | Reached XP level 15. HP: 114/117 MP: 19/19
 21412 | D:11     | Bought the +9 heavy crossbow "Sniper" {velocity, nevermiss, SInv} for 1139 gold pieces
 21418 | D:11     | Identified the +5 arbalest of Okawaru's Castigation {elec, Int+7} (Okawaru gifted it to you on level 4 of the Lair of Beasts)
 21419 | D:11     | Identified the +1 arbalest "Yxti" {speed, rC+ Str+2 Int+3} (Okawaru gifted it to you on level 1 of the Orcish Mines)
 21423 | D:11     | Bought 23 bolts for 73 gold pieces
 21962 | D:10     | You fall through a shaft!
 22177 | D:10     | Noticed Erica
 22178 | D:10     | Killed Erica
 23117 | D:12     | Reached skill level 13 in Crossbows
 23247 | D:12     | Received a gift from Okawaru
 23377 | D:12     | You fall through a shaft for 3 floors!
 23377 | D:15     | Entered Level 15 of the Dungeon
 23603 | D:15     | Received a gift from Okawaru
 23723 | D:15     | Reached skill level 14 in Crossbows
 23781 | D:15     | Received a gift from Okawaru
 23962 | D:15     | Found Pyatwo's Food Shop.
 24224 | D:15     | Found a staircase to the Depths.
 24318 | D:14     | Received a gift from Okawaru
 24650 | D:14     | Got a faintly glowing lapis lazuli ring
 24652 | D:14     | Identified the ring of Wyologh {rPois Str+2} (You found it on level 14 of the Dungeon)
 24949 | D:14     | Received a gift from Okawaru
 25029 | D:13     | Reached skill level 15 in Crossbows
 25177 | D:13     | Found a portal to a secret trove of treasure.
 25417 | D:13     | Found Receahol's Antique Armour Shop.
 25533 | D:13     | Reached XP level 16. HP: 120/123 MP: 20/20
 25727 | D:13     | Reached skill level 16 in Crossbows
 25747 | D:13     | Found a gate to the Vaults.
 26537 | D:12     | Got a faintly humming cloak
 26548 | D:12     | Identified the +1 cloak of the Ward {+Inv} (You found it on level 12 of the Dungeon)
 27411 | Lair:5   | Found a dark tunnel.
 27419 | Volcano  | Entered a volcano
 27649 | Volcano  | Found a radiant altar of Vehumet.
 27757 | Volcano  | Reached skill level 17 in Crossbows
 28036 | Lair:5   | Gained mutation: You are partially covered in iridescent scales. (AC +2) [evolution]
 28054 | Lair:5   | Found a staircase to the Slime Pits.
 28132 | Lair:5   | Noticed Nessos
 28136 | Lair:5   | Killed Nessos
 28136 | Lair:5   | Received a gift from Okawaru
 28779 | Orc:2    | Bought the cursed +1 leather armour "Sutum" {rF+ Int-5 Dex+6 Slay+5} for 575 gold pieces
 29109 | Lair:6   | Entered Level 6 of the Lair of Beasts
 29546 | Lair:6   | Received a gift from Okawaru
 29572 | Lair:6   | Found a large runed door.
 29572 | Lair:6   | Found a large runed door.
 29601 | Lair:6   | Got a bloodstained chain mail {god gift}
 29603 | Lair:6   | Identified the +0 chain mail of Limitation {rElec Str-5 Dex+2} (Okawaru gifted it to you on level 6 of the Lair of Beasts)
 30053 | Lair:6   | Reached skill level 18 in Crossbows
 30166 | Lair:6   | Reached XP level 17. HP: 127/129 MP: 21/21
 30675 | Snake:1  | Entered Level 1 of the Snake Pit
 31343 | Snake:1  | Found a basalt altar of Yredelemnul.
 32209 | Snake:2  | Received a gift from Okawaru
 32328 | Snake:2  | Reached skill level 19 in Crossbows
 32468 | Snake:2  | Reached skill level 10 in Fighting
 32472 | Snake:2  | Received a gift from Okawaru
 32989 | Snake:3  | Received a gift from Okawaru
 34106 | Snake:3  | Gained mutation: Your flesh is heat resistant. (rF+) [evolution]
 34302 | Snake:3  | Received a gift from Okawaru
 34474 | Snake:4  | Entered Level 4 of the Snake Pit
 34517 | Snake:4  | Reached XP level 18. HP: 121/139 MP: 22/22
 34573 | Snake:4  | Received a gift from Okawaru
 34573 | Snake:4  | Reached skill level 20 in Crossbows
 35394 | Snake:4  | Received a gift from Okawaru
 35800 | Snake:4  | Received a gift from Okawaru
 35825 | Snake:4  | Reached skill level 21 in Crossbows
 36626 | Snake:4  | Reached XP level 19. HP: 119/147 MP: 23/23
 36630 | Snake:4  | Received a gift from Okawaru
 37008 | Snake:4  | Got an ancient triple crossbow {god gift}
 37009 | Snake:4  | Identified the +6 triple crossbow "Buit" {elec, MR+ Dex+3 Stlth+} (Okawaru gifted it to you on level 4 of the Snake Pit)
 37560 | Snake:4  | Got a serpentine rune of Zot
 37648 | Snake:4  | Got a transparent robe {god gift}
 37649 | Snake:4  | Identified the +1 robe "Lophobla" {rC++ Int+5 Stlth-} (Okawaru gifted it to you on level 4 of the Snake Pit)
 37798 | Swamp:1  | Entered Level 1 of the Swamp
 37811 | Swamp:1  | Reached skill level 22 in Crossbows
 37982 | Swamp:1  | Noticed Louise
 38200 | Swamp:1  | Noticed Kirke
 38207 | Swamp:1  | Killed Kirke
 38236 | Swamp:1  | Killed Louise
 38236 | Swamp:1  | Received a gift from Okawaru
 38540 | Swamp:1  | Noticed Roxanne
 38546 | Swamp:1  | Killed Roxanne
 38554 | Swamp:1  | Identified a scroll of acquirement
 38557 | Swamp:1  | Got a sparkling glass ring
 38559 | Swamp:1  | Identified the ring "Raniluck" {Int+6 Slay+4} (You acquired it on level 1 of the Swamp)
 38811 | Swamp:2  | Received a gift from Okawaru
 38849 | Swamp:2  | Got a polished hand crossbow {god gift}
 38852 | Swamp:2  | Identified the +1 hand crossbow of Peace {speed, rN+ Str+3 Int+2} (Okawaru gifted it to you on level 2 of the Swamp)
 39875 | Swamp:3  | Received a gift from Okawaru
 39881 | Swamp:3  | Reached XP level 20. HP: 116/157 MP: 24/24
 39982 | Swamp:3  | Received a gift from Okawaru
 40222 | Swamp:3  | Received a gift from Okawaru
 40440 | Swamp:4  | Entered Level 4 of the Swamp
 40445 | Swamp:4  | Gained mutation: You have a pair of large antennae on your head. (SInv) [evolution]
 40856 | Swamp:4  | Reached skill level 10 in Dodging
 40867 | Swamp:4  | Reached skill level 23 in Crossbows
 41198 | Swamp:4  | Noticed Jorgrun
 41667 | Swamp:4  | Killed Jorgrun
 42032 | Swamp:4  | Got a decaying rune of Zot
 42107 | Swamp:4  | Lost mutation: You are partially covered in rugged brown scales. (AC +1, +3% HP) [potion of cure mutation]
 42107 | Swamp:4  | Lost mutation: Your magical capacity is low. (-10% MP) [potion of cure mutation]
 42107 | Swamp:4  | Lost mutation: You evolve. [potion of cure mutation]
 42107 | Swamp:4  | Lost mutation: You are resistant to hostile enchantments. (MR+) [potion of cure mutation]
 42502 | Vaults:1 | Entered Level 1 of the Vaults
 43118 | Vaults:1 | Received a gift from Okawaru
 43491 | Vaults:1 | Learned a level 1 spell: Infusion
 43715 | Vaults:1 | Reached XP level 21. HP: 160/160 MP: 27/27
 43847 | Vaults:1 | Found Toled's Distillery.
 43867 | Vaults:1 | Bought a potion of mutation for 30 gold pieces
 43867 | Vaults:1 | Bought a potion of heal wounds for 60 gold pieces
 43867 | Vaults:1 | Bought a potion of invisibility for 96 gold pieces
 44295 | Vaults:1 | Learned a level 2 spell: Song of Slaying
 44590 | Vaults:2 | Reached skill level 24 in Crossbows
 45042 | Vaults:2 | Reached skill level 1 in Charms
 45300 | Vaults:2 | Received a gift from Okawaru
 45531 | Vaults:2 | Hit by a large rock thrown by a stone giant

Vault maps used:
D:1:      minmay_arrival_nine_rooms
D:2:      lemuel_doored_altar, first_bread, okawaru_trees_1,
          uniq_crazy_yiuf_cottage
D:3:      chequers_ecumenical_altar_twisty, uniq_jessica
D:4:      uniq_robin, uniq_blork_the_orc
D:5:      lemuel_ratsnest, fedhas_altar_4, basic_altar
D:6:      evilmike_ruin_ashenzari
D:8:      kennysheep_mini, nicolae_tso_besieged_by_evil, uniq_grum
D:9:      old_standard_altar, grunt_temple_overflow_open, erik_lair_dragon,
          serial_shops, nicolae_shop_temple_entry_statues_fountains
D:10:     david_nohive_1, kennysheep_decorative_pillar, minmay_misc_feat_cross,
          uniq_urug, uniq_erica
D:11:     orc_0_dummy, serial_shops, nicolae_shop_crystal, uniq_sonja
D:12:     lab_entry_generic
D:13:     grunt_vaults_entry_fortified, serial_shops, nicolae_shop_waterfront,
          enter_trove_2
D:14:     grunt_decor_cap
D:15:     grunt_enter_depths_hoard, serial_park_paths, serial_shops, shop,
          minmay_misc_feat_x
Lair:1:   uniq_fannar, uniq_gastronok
Lair:2:   swamp_mist_pool, lemuel_centaur_altar, serial_bayou_shore_a
Lair:3:   guppyfry_snake_entry_island, portal_ice_cave_rime, lemuel_fruit_fields
Lair:4:   lemuel_reptile_caves, minivault_26, uniq_rupert
Lair:5:   nicolae_slime_entry_slimehenge, lightli_volcano_entry_magma_tube,
          uniq_nessos
Lair:6:   cheibrodos_lair_end_hotspot
Swamp:1:  hangedman_swamp_lotus, uniq_roxanne, uniq_kirke, uniq_louise
Swamp:2:  infiniplex_staircase_pool, swamp_pool4
Swamp:3:  serial_swamp_ruin, evilmike_swamp_ruin_house_5,
          evilmike_swamp_ruin_rubble_2, swamp_pool1, hangedman_swamp_wriggling
Swamp:4:  swamp_basic_johnstein, uniq_jorgrun
Snake:1:  lemuel_oklob_altar
Snake:2:  grunt_megastairs_1, basic_stair_grate_trap
Snake:4:  snake_pit_salamanders_mu
Orc:1:    serial_shops, shop_coins, uniq_josephine
Orc:2:    pubby_orc_utopia
Vaults:1: grunt_vaults_swirl, nicolae_vaults_holding_cells, vaults_dpeg_spiral,
          hangedman_vaults_impose, vaults_dpeg_encased_lava,
          vaults_room_mumra_shop_pool, ontoclasm_vaults_ring_square,
          ontoclasm_vaults_loading_screen, vaults_room_fours
Vaults:2: hangedman_vaults_stagger, v_misc_18, dpeg_vaults_monster_row,
          grunt_vaults_hallway_long, nicolae_vaults_network_star,
          nicolae_vaults_network_barrier, hangedman_vaults_cutoff
IceCv:    ice_cave_small_giant
Volcano:  volcano_lake

Skill      XL: |  1  2  3  4  5  6  7  8  9 10 11 12 13 14 15 16 17 18 19 20 21 |
---------------+----------------------------------------------------------------+-----
Maces & Flails | 1 2 3 4 5 7 9 10 11 | 11.9
Dodging        | 1 2 3 4 6 8 9 10 | 10.5
Shields        | 4 5 6 7 8 |  8.7
Fighting       | 4 5 6 7 9 10 11 12 13 | 13.1
Armour         | 4 5 6 7 8 9 |  9.3
Invocations    | 3 5 6 7 9 |  9.3
Crossbows      | 1 4 6 12 15 18 19 21 22 23 24 | 24.4
Polearms       | 1 |  1.0
Charms         | 2 |  2.2
Long Blades    | |  2.1

Action                   |  1- 3 |  4- 6 |  7- 9 | 10-12 | 13-15 | 16-18 | 19-21 || total
-------------------------+-------+-------+-------+-------+-------+-------+-------++-------
Melee: Long sword        |    25 |       |       |       |       |       |       ||    25
       Mace              |    58 |   174 |   499 |   746 |       |       |       ||  1477
       Whip              |       |       |       |   459 |  1180 |       |       ||  1639
       Demon blade       |       |       |       |       |       |    16 |       ||    16
 Fire: Heavy crossbow    |       |       |       |       |   272 |   713 |   734 ||  1719
 Cast: Infusion          |       |       |       |       |       |       |     1 ||     1
Invok: Heroism           |       |       |       |     3 |     7 |     2 |     2 ||    14
       Finesse           |       |       |       |       |       |       |     2 ||     2
Evoke: Wand              |       |       |       |     1 |     5 |     7 |     6 ||    19
       Box of beasts     |       |       |       |       |       |     1 |       ||     1
  Use: Potion            |       |     2 |     3 |    15 |     5 |     5 |     5 ||    35
       Scroll            |       |     7 |     4 |    16 |    13 |    14 |    18 ||    72
  Eat: Chunk             |       |     6 |    11 |    18 |     4 |       |       ||    39
       Pizza             |       |     1 |       |     5 |     1 |     2 |     2 ||    11
       Royal jelly       |       |       |     1 |     1 |       |     2 |       ||     4
       Beef jerky        |       |       |     1 |     1 |       |     3 |     1 ||     6
       Fruit             |       |       |       |     2 |       |       |       ||     2
       Meat ration       |       |       |       |     2 |     7 |     5 |     4 ||    18
Armor: Scale mail        |    50 |    11 |       |       |       |       |       ||    61
       Chain mail        |       |    59 |   244 |   155 |       |       |       ||   458
       Skin              |       |       |    31 |   102 |       |       |       ||   133
       Ring mail         |       |       |       |   102 |   243 |    23 |       ||   368
       Leather armour    |       |       |       |       |       |    82 |   151 ||   233
       Fire dragon scale |       |       |       |       |       |     6 |       ||     6
Dodge: Dodged            |    26 |    40 |    90 |   208 |   446 |   358 |   539 ||  1707
Block: Shield            |    35 |    61 |   282 |   835 |   804 |       |       ||  2017
       Reflection        |       |       |     4 |    25 |    19 |    19 |    17 ||    84
       Other             |       |       |       |       |    55 |    91 |   130 ||   276
       Rpst.: Long sword |     3 |       |       |       |       |       |       ||     3
       Demon blade       |       |       |       |       |       |     2 |       ||     2
